 Dungeon Crawl Stone Soup version 0.31-a0-700-gf13585253f (webtiles) character file.

Game seed: 16715486094022739476

499 qw the Shooter (level 7, -4/43 HPs)
             Began as a Gargoyle Hunter on Sept 7, 2023.
             Shot with an arrow by a centaur (6 damage)
             ... on level 5 of the Dungeon.
             The game lasted 00:01:21 (2749 turns).

qw the Shooter (Gargoyle Hunter)                    Turns: 2749, Time: 00:01:21

Health: -4/43      AC: 11    Str: 14    XL:     7   Next: 16%
Magic:  7/7        EV: 11    Int: 10    God:
Gold:   107        SH:  0    Dex: 15    Spells: 6/6 levels left

rFire   . . .        Y - +1 shortbow
rCold   . . .        (shield currently unavailable)
rNeg    + . .        o - +0 ring mail
rPois   inf          a - +0 helmet
rElec   +            (no cloak)
rCorr   .            (no gloves)
SInv    .            (no boots)
Will    +....        (no amulet)
Stlth   +            g - ring of willpower
HPRegen 0.27/turn    (no ring)
MPRegen 0.10/turn

%: no passive effects
@: no status effects
A: sickness immunity, AC +4, negative energy resistance 1, electricity
resistance, torment resistance 1, petrification resistance
a: no special abilities


You were on level 5 of the Dungeon.
You visited 1 branch of the dungeon, and saw 5 of its levels.

You collected 107 gold pieces.


Innate Abilities, Weirdness & Mutations

You are immune to sickness and miasma.
Your stone body is resilient. (AC +4)
You are immune to poison.
You resist negative energy. (rN+)
You are resistant to electric shocks. (rElec)
You are resistant to unholy torment.
You are immune to petrification.


   Skills:
 - Level 4.1 Fighting
 + Level 7.3 Ranged Weapons
 - Level 2.3 Armour
 - Level 1.5 Dodging
 - Level 1.1 Stealth


You had 6 spell levels left.
You didn't know any spells.
Your spell library was empty.

Inventory:

Hand Weapons
 Y - a +1 shortbow (weapon)
Armour
 a - a +0 helmet (worn)
 o - a +0 ring mail (worn)
Jewellery
 g - a ring of willpower (left hand)
Wands
 n - a wand of digging (7)
Scrolls
 c - a scroll of brand weapon {unknown}
 i - 2 scrolls of identify
Potions
 b - a potion of attraction {unknown}
 d - a potion of brilliance {unknown}
 e - a potion of might {unknown}
 f - a potion of cancellation {unknown}
 h - a potion of curing
 j - a potion of degeneration {unknown}
 k - a potion of lignification {unknown}

Dungeon Overview and Level Annotations

Branches:
Dungeon (5/15)
 Temple: D:4-7

Altars:


Message History

You shoot an arrow.
You hear some strange, mumbled words.
A magic dart appears from out of thin air!
The magic dart hits you.
You hear some strange, mumbled words.
You are confused.
2741 ||| DRINKING 2 potions of curing.
You feel better.
2741 ||| (to cure confusion)
You hear some strange, mumbled words.
A puff of flame appears from out of thin air!
The puff of flame hits you.
You shoot an arrow.
You hear a shout!
Something hits you but does no damage.
An orc comes into view. It is wielding a +0 mace.
You shoot an arrow. The arrow hits the ogre.
The ogre is lightly wounded.
Something hits you but does no damage.
You shoot an arrow.
You hear some strange, mumbled words.
A puff of flame appears from out of thin air!
The puff of flame hits you.
You shoot an arrow.
Reactivating autopickup.
You feel a bit more experienced.
You shoot an arrow. The arrow hits the ogre!
The ogre is heavily wounded.
The ogre hits you with a +0 giant spiked club!!
Ouch! That really hurt!
You shoot an arrow. The arrow hits the ogre!
The ogre is severely wounded.
The ogre hits you with a +0 giant spiked club!
You shoot an arrow. The arrow hits the ogre.
The ogre is almost dead.
The ogre barely misses you.
You shoot an arrow. The arrow hits the ogre.
You kill the ogre!
The centaur wields a +0 shortbow.
The centaur shoots an arrow.
The arrow hits you.
You die...

#.....# .....
#...).##.....
#..##...#
#...###.#.#
.....#
#.#.#########
#.#...
#...........#
#.....
####..#####.
.... ##..# ##@#
#)# #c## #oo#
..o....o.......
......#########
o..... #...#
####


You could see a centaur and 3 orcs.

Vanquished Creatures
  An ogre (D:5)
  A phantom (D:5)
  A scorpion (D:4)
  2 orc priests
  3 jellies
  2 orc wizards
  7 adders
  A white imp (D:5)
  2 worms
  10 orcs
  7 ball pythons
  5 endoplasms
  3 giant cockroaches
  9 goblins
  5 hobgoblins
  8 jackals
  12 kobolds
  4 quokkas
  A bat (D:1)
  4 frilled lizards
  7 rats
95 creatures vanquished.

Notes
Turn   | Place    | Note
-------+----------+-------------------------------------------
     0 | D:1      | qw the Gargoyle Hunter began the quest for the Orb.
     0 | D:1      | Reached XP level 1. HP: 12/12 MP: 1/1
     0 | D:1      | 0 ||| qw: Version: 0.3-a-76-g4403597
     0 | D:1      | 0 ||| qw: Game counter: 615
     0 | D:1      | 0 ||| qw: Melee chars always use a shield: true
     0 | D:1      | 0 ||| qw: God list: Okawaru
     0 | D:1      | 0 ||| qw: Allow faded altars: false
     0 | D:1      | 0 ||| qw: Do Orc after clearing Dungeon:15 true
     0 | D:1      | 0 ||| qw: Do second Lair branch before Depths: true
     0 | D:1      | 0 ||| qw: Lair rune preference: random
     0 | D:1      | 0 ||| qw: Goals: Normal
     0 | D:1      | 0 ||| PLANNING D:1-11
   109 | D:1      | Reached XP level 2. HP: 17/17 MP: 2/2
   370 | D:1      | Reached XP level 3. HP: 21/21 MP: 3/3
   656 | D:1      | Reached skill level 5 in Ranged Weapons
   711 | D:1      | 711 ||| UPGRADING to ring of willpower.
   712 | D:1      | 712 ||| READING scroll labelled EZONUI DAPIU.
   713 | D:1      | 713 ||| READING scroll labelled WOAL RIONLAUWK.
   714 | D:1      | 714 ||| READING scroll labelled VOVOFFIOBO.
   715 | D:1      | 715 ||| DROPPING scroll of butterflies.
  1042 | D:2      | Reached skill level 3 in Fighting
  1434 | D:2      | 1434 ||| UPGRADING to +0 helmet.
  1439 | D:2      | 1439 ||| DRINKING 2 orange potions.
  1510 | D:3      | Reached XP level 4. HP: 28/28 MP: 4/4
  1938 | D:3      | 1938 ||| READING 2 scrolls labelled PULUSUXKO.
  1939 | D:3      | 1939 ||| READING scroll labelled USUIZXI ZIUD.
  1940 | D:3      | 1940 ||| DRINKING 2 sedimented amethyst potions.
  1941 | D:3      | 1941 ||| DROPPING scroll of noise.
  1999 | D:4      | Reached XP level 5. HP: 31/32 MP: 5/5
  2021 | D:4      | Reached skill level 6 in Ranged Weapons
  2056 | D:4      | Reached XP level 6. HP: 31/37 MP: 6/6
  2065 | D:4      | 2065 ||| FLEEEEING.
  2066 | D:4      | 2066 ||| FLEEEEING.
  2067 | D:4      | 2067 ||| FLEEEEING.
  2068 | D:4      | 2068 ||| FLEEEEING.
  2069 | D:4      | 2069 ||| FLEEEEING.
  2461 | D:4      | 2461 ||| UPGRADING to +0 ring mail.
  2471 | D:4      | 2471 ||| DROPPING +0 leather armour.
  2472 | D:4      | 2472 ||| READING scroll labelled SURECH DUASH.
  2573 | D:4      | 2573 ||| READING scroll labelled PURUILL RAGHIE.
  2574 | D:4      | 2574 ||| READING 2 scrolls of identify.
  2574 | D:4      | 2574 ||| IDENTIFYING viscous red potion
  2575 | D:4      | 2575 ||| DROPPING potion of berserk rage.
  2587 | D:5      | Entered Level 5 of the Dungeon
  2656 | D:5      | HP: 9/38 [white imp/puff of frost (3)]
  2657 | D:5      | 2657 ||| DRINKING potion of heal wounds.
  2719 | D:5      | 2719 ||| Stepping ~*~*~tactically~*~*~ (retreating).
  2734 | D:5      | Reached skill level 7 in Ranged Weapons
  2734 | D:5      | Reached XP level 7. HP: 32/43 MP: 7/7
  2741 | D:5      | 2741 ||| DRINKING 2 potions of curing.
  2741 | D:5      | 2741 ||| (to cure confusion)
  2747 | D:5      | HP: 1/43 [ogre/+0 giant spiked club (11)]
  2749 | D:5      | Shot with an arrow by a centaur

Levels and vault maps discovered:
D:1:      zaba_arrival_water, layout_basic
D:2:      layout_loops_ring, minivault_4, wad_floor_pattern_1
D:3:      layout_rooms
D:4:      layout_cave_pools
D:5:      cheibrodos_two_vegetables, layout_rooms, nicolae_shop_i_like_big_books

Skill      XL: |  1  2  3  4  5  6 |
---------------+-------------------+-----
Ranged Weapons | 5 6 7 |  7.3
Fighting       | 3 4 |  4.1
Armour         | 2 |  2.3
Dodging        | |  1.5
Stealth        | |  1.1

Action                     |  1- 3 |  4- 6 |  7- 9 || total
---------------------------+-------+-------+-------++-------
   Fire: Shortbow          |   111 |   198 |    15 ||   324
    Use: Scroll            |     3 |     5 |       ||     8
         Potion            |     1 |     2 |     1 ||     4
 Armour: Leather armour    |    22 |    37 |       ||    59
         Ring mail         |       |    33 |    15 ||    48
  Dodge: Dodged            |    16 |    50 |     1 ||    67

Table legend:
 A = Non-vault XP
 B = Vault XP
 C = Vault XP percentage of total XP
 D = Non-vault monster count
 E = Vault monster count
 F = Vault count percentage of total count
                 A         B        C        D         E       F
            +---------+---------+-------+---------+---------+-------
      Total |     834 |       0 |   0.0 |      95 |       0 |   0.0
            +---------+---------+-------+---------+---------+-------
        D:1 |      41 |       0 |   0.0 |      26 |       0 |   0.0
        D:2 |      33 |       0 |   0.0 |      14 |       0 |   0.0
        D:3 |      85 |       0 |   0.0 |      25 |       0 |   0.0
        D:4 |     289 |       0 |   0.0 |      17 |       0 |   0.0
        D:5 |     386 |       0 |   0.0 |      13 |       0 |   0.0
            +---------+---------+-------+---------+---------+-------
